 Dungeon Crawl Stone Soup version 0.29-a0-1027-gcd8c55af63 (webtiles) character file.

Game seed: 18336854257577422718

32 greenreed the Cudgeller (level 3, 0/33 HPs)
             Began as a Minotaur Monk on Aug 12, 2022.
             Slain by Terence
             ... wielding a +2 flail of protection
              (5 damage)
             ... on level 2 of the Dungeon.
             The game lasted 00:01:08 (1009 turns).

greenreed the Cudgeller (Minotaur Monk)             Turns: 1009, Time: 00:01:08

Health: 0/33       AC:  3    Str: 17    XL:     3   Next: 8%
Magic:  2/2        EV: 13    Int:  7    God:
Gold:   65         SH:  0    Dex: 12    Spells: 2/2 levels left

rFire   . . .      SeeInvis .   a - +0 mace
rCold   . . .      Faith    .   (no shield)
rNeg    . . .      Spirit   .   b - +0 robe
rPois   .          Reflect  .   (helmet restricted)
rElec   .          Harm     .   (no cloak)
rCorr   .          Rampage  .   e - +0 pair of gloves
Will    .....                   (no boots)
Stlth   ++........              (no amulet)
HPRegen 0.11/turn               (no ring)
MPRegen 0.08/turn               (no ring)

@: no status effects
A: horns 2, retaliatory headbutt
a: no special abilities


You were on level 2 of the Dungeon.
You visited 1 branch of the dungeon, and saw 2 of its levels.

You collected 65 gold pieces.

Inventory:

Hand Weapons
 a - a +0 mace (weapon)
Missiles
 o - 4 poisoned darts (quivered)
Armour
 b - a +0 robe (worn)
 e - a +0 pair of gloves (worn)
Scrolls
 d - 2 scrolls of fear {unknown}
 f - a scroll of amnesia {unknown}
 i - a scroll of teleportation {unknown}
 k - a scroll of immolation {unknown}
 l - a scroll of vulnerability {unknown}
 m - a scroll of identify {unknown}
Potions
 c - a potion of ambrosia
 g - a potion of might {unknown}
 h - a potion of haste {unknown}
 j - a potion of attraction {unknown}
 n - a potion of mutation {unknown}


   Skills:
 + Level 4.0 Fighting
 + Level 4.2 Maces & Flails
 + Level 3.7 Dodging
 + Level 1.8 Stealth


You had 2 spell levels left.
You didn't know any spells.
Your spell library was empty.

Dungeon Overview and Level Annotations

Branches:
Dungeon (2/15)

Altars:

Annotations:
D:2 Terence


Innate Abilities, Weirdness & Mutations

You have a pair of horns on your head.
You reflexively headbutt those who attack you in melee.


Message History

You kill the quokka!
No target in view!
You see here a quokka corpse.
An adder comes into view.
Found a long sword, a chain mail and 5 stones.
You see here a +0 long sword.
Terence the Incautious comes into view.
He is wielding a +2 flail of protection.
The helpless adder fails to defend itself.
You hit the adder.
The adder is heavily wounded.
Terence shouts!
The adder misses you. You furiously retaliate!
You headbutt the adder. The adder closely misses you.
You hit the adder.
You kill the adder!
Terence hits you with a +2 flail of protection!
You have reached level 3!
Your experience leads to an increase in your attributes!
Increase (S)trength, (I)ntelligence, or (D)exterity?
You feel stronger. x2
You hit Terence but do no damage.
Terence hits you with a +2 flail of protection!
You are too injured to fight recklessly!
You are too injured to fight recklessly!
You hit Terence. You headbutt Terence, but do no damage.
Terence is moderately wounded.
Terence barely misses you.
You hit Terence but do no damage.
Terence is moderately wounded.
Terence closely misses you.
You hit Terence.
Terence is heavily wounded.
Terence hits you with a +2 flail of protection.
* * * LOW HITPOINT WARNING * * *
You barely miss Terence. You headbutt Terence.
Terence is heavily wounded.
Terence hits you with a +2 flail of protection.
* * * LOW HITPOINT WARNING * * *
Terence hits you with a +2 flail of protection.
You die...

#. #....
#.##########
#)###
#.!.†......#
#.#
#..#######.#
#.# # #.)#
#.# #.# #
#..#
#.####.###
#..#
#...#...##
#[.#
###.......
#.@#
#.....##
#(†@.....#
#.......
##.#####.#
##.##### #.#
...# # #.#
##### # ..#
. ### ## # .


You could see Terence.

Vanquished Creatures
  2 adders (D:2)
  2 endoplasms (D:1)
  2 giant cockroaches (D:1)
  A goblin (D:2)
  A hobgoblin (D:2)
  A quokka (D:2)
  4 ball pythons
  A kobold (D:2)
  A rat (D:2)
15 creatures vanquished.

Notes
Turn   | Place    | Note
-------+----------+-------------------------------------------
     0 | D:1      | greenreed the Minotaur Monk began the quest for the Orb.
     0 | D:1      | Reached XP level 1. HP: 19/19 MP: 0/0
   775 | D:2      | Reached XP level 2. HP: 27/27 MP: 1/1
  1002 | D:2      | Noticed Terence
  1005 | D:2      | Reached XP level 3. HP: 19/33 MP: 2/2
  1009 | D:2      | Slain by Terence

Illustrated notes

Levels and vault maps discovered:
D:1:      spicycebolla_green_bress_n_ham, layout_basic
D:2:      layout_loops_ring, serial_shops, shop, minmay_split_cup_small,
          uniq_robin, uniq_terence

Skill      XL: |  1  2 |
---------------+-------+-----
Maces & Flails | 4 |  4.2
Fighting       | 4 |  4.0
Dodging        | |  3.7
Stealth        | |  1.8

Action                   || total
-------------------------++-------
Melee: Mace              ||    34
       Headbutt          ||     5
 Stab: Sleeping          ||     4
Armor: Robe              ||     6
Dodge: Dodged            ||    19

Table legend: (Time is in decaauts)
 A = Elapsed time spent in this place.
 B = Non-inter-level travel time spent in this place.
 C = Inter-level travel time spent in this place.
 D = Time resting spent in this place.
 E = Time spent auto-exploring this place.
 F = Levels seen in this place.
 G = Mean time per level.
                   A        B        C        D        E       F      G
               +--------+--------+--------+--------+--------+-----+--------+
         Total |   1015 |    990 |     25 |      0 |    866 |   2 |  507.5 |
       Dungeon |   1015 |    990 |     25 |      0 |    866 |   2 |  507.5 |
               +--------+--------+--------+--------+--------+-----+--------+

Top non-repeatable levels by time:
     D:1: 706 daAuts
     D:2: 308 daAuts
